 Dungeon Crawl Stone Soup version 0.30.1-8-g117510f58f (webtiles) character file.

Game seed: 18207745057419152062

2727 monsoonserge the Thaumaturge (level 9, -6/58 HPs)
             Began as a Djinni Fire Elementalist on Sept 24, 2023.
             Shot with a bolt by an orc warrior (17 damage)
             ... on level 7 of the Dungeon.
             The game lasted 00:23:02 (6044 turns).

monsoonserge the Thaumaturge (DjFE)                 Turns: 6044, Time: 00:23:03

Health: -6/58      AC:  8    Str:  9    XL:     9   Next: 99%
Gold:   258        EV: 10    Int: 24    God:
                   SH:  0    Dex: 14

rFire   + + +        t - +1 long sword (elec)
rCold   x . .        (no shield)
rNeg    + + .        k - +1 ring mail "Nenkie Loggo" {*Corrode rN+ Will+ Str+2 Int+3}
rPois   ∞            K - +0 helmet
rElec   .            (no cloak)
rCorr   .            (no gloves)
SInv    .            (boots unavailable)
Will    +....        (no amulet)
Stlth   +            a - ring of positive energy
HPRegen 0.29/turn    A - ring of protection from fire
MPRegen 0.00/turn

%: corrode self (3%), infuse magic (-7 HP)
@: flying
A: sickness immunity, fire resistance 2, cold vulnerability 1, float, innate
caster, HP casting, extra vitality 1
a: no special abilities


You were on level 7 of the Dungeon.
You visited 1 branch of the dungeon, and saw 7 of its levels.

You collected 258 gold pieces.

Inventory:

Hand Weapons
 f - a +1 heavy mace
 l - a +1 short sword of venom
 t - a +1 long sword of electrocution (weapon)
 L - a +0 shortbow of draining
Missiles
 B - 4 throwing nets
Armour
 k - the +1 ring mail "Nenkie Loggo" (worn) {*Corrode rN+ Will+ Str+2 Int+3}
   (You found it on level 2 of the Dungeon)

   Str:       It affects your strength (+2).
   Int:       It affects your intelligence (+3).
   rN:        It protects you from negative energy.
   *Corrode:  It may corrode you when you take damage.
   Will:      It increases your willpower.
 y - a +2 leather armour of fire resistance
 K - a +0 helmet (worn)
Magical Staves
 z - a staff of air
Jewellery
 a - a ring of positive energy (left hand)
 A - a ring of protection from fire (right hand)
 J - a ring of protection from fire
Wands
 n - a wand of paralysis (26)
 r - a wand of light (8)
 M - a wand of flame (22)
Scrolls
 c - a scroll of poison {unknown}
 d - a scroll of enchant armour {unknown}
 h - a scroll of blinking {unknown}
 i - a scroll of enchant weapon {unknown}
 j - a scroll of noise {unknown}
 o - a scroll of fog {unknown}
 p - a scroll of butterflies {unknown}
 q - 2 scrolls of identify {unknown}
 s - a scroll of vulnerability {unknown}
 u - 2 scrolls of silence {unknown}
 v - a scroll of magic mapping {unknown}
 G - a scroll of amnesia {unknown}
 N - a scroll of immolation {unknown}
Potions
 b - a potion of berserk rage {unknown}
 e - 2 potions of resistance {unknown}
 g - 3 potions of lignification {unknown}
 m - 5 potions of curing {unknown}
 w - 4 potions of attraction {unknown}
 x - 2 potions of heal wounds {unknown}
 C - a potion of brilliance {unknown}
 D - 2 potions of might {unknown}
 E - 2 potions of mutation {unknown}
 F - a potion of degeneration {unknown}
 H - a potion of invisibility {unknown}
 I - a potion of ambrosia {unknown}


   Skills:
 * Level 1.6 Fighting
 + Level 0.2 Long Blades
 + Level 0.2 Polearms
 * Level 4.7 Armour
 + Level 2.2 Dodging
 - Level 2.0 Stealth
 * Level 9.3 Spellcasting
 + Level 1.0 Evocations


You knew the following spells:

 Your Spells              Type           Power      Damage    Failure   Level
a - Foxfire               Conj/Fire      100%       2x1d9     1%          1
b - Scorch                Fire           100%       2d9       1%          2
c - Volatile Blastmotes   Fire/Tloc      100%       2d18      1%          3
d - Inner Flame           Hex/Fire       54%        N/A       1%          3
e - Flame Wave            Conj/Fire      54%        2d13      3%          4
f - Freeze                Ice            100%       1d10      1%          1
g - Passwall              Tmut/Erth      45%        N/A       1%          2
h - Mephitic Cloud        Conj/Pois/Air  54%        N/A       1%          3
i - Fulminant Prism       Conj/Hex       27%        3d14      3%          4
Your spell library was empty.

Dungeon Overview and Level Annotations

Branches:
Dungeon (7/15)
 Temple: D:4-7

Altars:
Cheibriados
Dithmenos
Trog
Zin

Shops:
D:5 (

Annotations:
D:3 1 transporter, laqueoix's ghost, amateur DsGl


Innate Abilities, Weirdness & Mutations

You are immune to sickness and miasma.
You are immune to poison.
Your flesh is very heat resistant. (rF++)
You are vulnerable to cold. (rC-)
You float through the air rather than walking.
You learn spells naturally, not from books.
Your magical power is your life essence.
You have superior vitality. (+4 MHP)


Message History

The foxfire hits the water moccasin!
The water moccasin is burned terribly!
The water moccasin is almost dead.
The foxfire hits the water moccasin.
The water moccasin is burned terribly!
You kill the water moccasin!
An orc priest comes into view. It is wielding a +0 short sword.
The orc priest shouts!
You hear a shout! x2
An orc warrior comes into view.
It is wielding a +0 morningstar. 2 orc wizards come into view.
The orc wizard shouts! x2
An orc comes into view. It is wielding a +0 falchion.
Casting: Scorch (safe; 1% risk of failure)
Confirm with . or Enter, or press ? or * to list all spells.
Aiming: Mephitic Cloud (safe; 1% risk of failure)
Press: ? - help, Shift-Dir - straight line, f - orc priest
Aim: an orc priest, wielding a +0 short sword and wearing a +0 ring mail (chance to affect: 86%)
The ball explodes into a vile cloud!
The stinking cloud engulfs the orc priest but does no damage.
The orc warrior unwields a +0 morningstar.
The orc warrior wields a +0 arbalest.
The orc warrior shoots a bolt.
The bolt hits you!
* * * LOW HITPOINT WARNING * * *
The orc priest is engulfed in noxious fumes.
The orc priest appears confused.
Casting: Mephitic Cloud (safe; 1% risk of failure)
Confirm with . or Enter, or press ? or * to list all spells.
Okay, then.
Casting: Mephitic Cloud (safe; 1% risk of failure)
Confirm with . or Enter, or press ? or * to list all spells.
Aiming: Fulminant Prism (dangerous; 3% risk of failure)
Press: ? - help, Dir - move target, p - orc priest You conjure a prism of explosive energy!
* * * LOW HITPOINT WARNING * * *
A fulminant prism comes into view.
The orc priest closely misses the orc wizard.
The orc wizard points at you and mumbles some strange words.
The puff of flame hits you but does no damage.
The orc warrior shoots a bolt.
The bolt hits you but does no damage.
Your fulminant prism crackles loudly.
The orc warrior shoots a bolt.
The bolt hits you!
You die...

##..##.......................###
......#.....#....##.......... #
#......##.##.....##..........
.......##........##....#..#..
###....###.............# ###..#
##............##.. ###
##...............
##.........*.....
#.....@.##....#..
#........#.[..#
#....[.......o..#
#...........oo###
##..#......##o..
#..#.....!.##... ## .......##
#.. #...#####


You could see an orc warrior, an orc wizard, an orc and a friendly fulminant
prism.

Vanquished Creatures
  Pikel (D:4)
  Prince Ribbit (D:5)
  Sigmund (D:3)
  2 water moccasins
  2 black bears (D:6)
  2 orc warriors
  A centaur (D:6)
  A kobold brigand (D:5)
  3 lemures (D:4)
  Blork the orc (D:4)
  A bullfrog (D:6)
  A gnoll sergeant (D:7)
  6 killer bees
  A howler monkey (D:4)
  A jelly (D:6)
  2 hounds
  4 orc priests
  A gnoll bouda (D:6)
  A sleepcap (D:5)
  Jessica (D:3)
  Ijyb (D:3)
  An iguana (D:4)
  5 orc wizards (D:5)
  9 gnolls
  4 adders
  A shadow imp (D:6)
  2 white imps
  An ufetubus (D:7)
  2 worms (D:2)
  3 dart slugs
  15 orcs
  9 ball pythons
  4 bats
  6 endoplasms
  3 giant cockroaches (D:1)
  9 goblins
  5 hobgoblins
  7 quokkas
  A frilled lizard (D:3)
  14 kobolds
  9 rats
145 creatures vanquished.

Vanquished Creatures (collateral kills)
  3 foxfires (D:5)
3 creatures vanquished.

Vanquished Creatures (others)
  249 foxfires
  2 fulminant prisms (D:7)
251 creatures vanquished.

Grand Total: 399 creatures vanquished

Notes
Turn   | Place    | Note
-------+----------+-------------------------------------------
     0 | D:1      | monsoonserge the Djinni Fire Elementalist began the quest
                  | for the Orb.
     0 | D:1      | monsoonserge set off with the following spells memorised:
                  | Foxfire, Scorch, Volatile Blastmotes, Inner Flame, Flame
                  | Wave.
     0 | D:1      | Reached XP level 1. HP: 15/15 MP: 0/0
   249 | D:1      | Found a faded altar of an unknown god.
   252 | D:1      | Reached XP level 2. HP: 20/21 MP: 0/0
   382 | D:1      | Reached skill level 3 in Spellcasting
   479 | D:1      | Reached XP level 3. HP: 21/25 MP: 0/0
   479 | D:1      | Learned a level 1 spell: Freeze
  1159 | D:2      | Reached XP level 4. HP: 29/31 MP: 0/0
  1592 | D:2      | Identified the +1 ring mail "Nenkie Loggo" {*Corrode rN+
                  | Will+ Str+2 Int+3}
  2131 | D:3      | Found a transporter.
  2132 | D:3      | Noticed laqueoix's ghost (amateur DsGl)
  2133 | D:3      | Noticed an ogre
  2133 | D:3      | Identified the +11 dire flail of the Endless Xenophobes
                  | {holy, Dex+2}
  2133 | D:3      | Noticed an ogre
  2155 | D:3      | Noticed Sigmund
  2156 | D:3      | Noticed Jessica
  2159 | D:3      | Killed Sigmund
  2160 | D:3      | Reached skill level 1 in Armour
  2160 | D:3      | Reached skill level 4 in Spellcasting
  2160 | D:3      | Reached XP level 5. HP: 32/35 MP: 0/0
  2160 | D:3      | Learned a level 2 spell: Passwall
  2160 | D:3      | Reached XP level 6. HP: 37/40 MP: 0/0
  2160 | D:3      | Killed Jessica
  2162 | D:3      | Noticed Ijyb
  2169 | D:3      | Killed Ijyb
  2429 | D:4      | Reached skill level 5 in Spellcasting
  2620 | D:4      | Noticed Blork the orc
  2625 | D:4      | Killed Blork the orc
  2626 | D:4      | Reached XP level 7. HP: 39/45 MP: 0/0
  2626 | D:4      | Learned a level 3 spell: Mephitic Cloud
  2741 | D:4      | Found a snail-covered altar of Cheibriados.
  2742 | D:4      | Found a glowing silver altar of Zin.
  2808 | D:4      | Found a bloodstained altar of Trog.
  3169 | D:4      | Noticed Pikel
  3189 | D:4      | Killed Pikel
  3190 | D:4      | Reached skill level 6 in Spellcasting
  3190 | D:4      | Reached XP level 8. HP: 36/50 MP: 0/0
  3394 | D:5      | Entered Level 5 of the Dungeon
  3480 | D:5      | Reached skill level 7 in Spellcasting
  3971 | D:5      | Noticed Prince Ribbit
  3978 | D:5      | Killed Prince Ribbit
  4214 | D:5      | Reached XP level 9. HP: 3/55 MP: 0/0
  4214 | D:5      | Learned a level 4 spell: Fulminant Prism
  4412 | D:5      | Found Geylink's Weapon Shoppe.
  4583 | D:5      | Found a shadowy altar of Dithmenos.
  4770 | D:6      | Reached skill level 8 in Spellcasting
  5183 | D:6      | Reached skill level 1 in Evocations
  5315 | D:6      | Reached skill level 1 in Fighting
  5947 | D:7      | Reached skill level 9 in Spellcasting
  6044 | D:7      | Shot with a bolt by an orc warrior

Illustrated notes

Levels and vault maps discovered:
D:1:      dpeg_arrival_ternary, layout_basic, chequers_ecumenical_altar_island
D:2:      layout_loops_corners
D:3:      layout_rooms, gammafunk_ghost_smash, uniq_sigmund, uniq_ijyb,
          uniq_jessica
D:4:      layout_cave_pods, mainiacjoe_overflow_24_doors,
          nicolae_overflow_squiral, uniq_blork_the_orc, uniq_pikel
D:5:      layout_loops_ring, mainiacjoe_overflow_big_doors, serial_shops,
          shop_statue, lexackson_kobold_supper, uniq_prince_ribbit1
D:6:      layout_loops_corners
D:7:      layout_cave_pools, minmay_temple_entry_ruins, enter_bailey_3

Skill      XL: |  1  2  3  4  5  6  7  8  9 |
---------------+----------------------------+-----
Spellcasting   | 3 4 5 6 7 9 |  9.3
Armour         | 1 2 3 4 |  4.7
Stealth        | 2 |  2.0
Evocations     | 1 |  1.0
Fighting       | 1 |  1.6
Long Blades    | |  0.2
Polearms       | |  0.2
Dodging        | |  2.2

Action                     |  1- 3 |  4- 6 |  7- 9 || total
---------------------------+-------+-------+-------++-------
  Melee: Spear             |     6 |       |       ||     6
         Long sword        |       |       |     3 ||     3
   Cast: Foxfire           |    34 |    35 |    87 ||   156
         Scorch            |    16 |    29 |    38 ||    83
         Volatile Blastmot |       |     1 |    27 ||    28
         Inner Flame       |       |       |     5 ||     5
         Mephitic Cloud    |       |       |     4 ||     4
         Fulminant Prism   |       |       |     3 ||     3
 Armour: Robe              |     4 |       |       ||     4
         Leather armour    |     1 |     1 |       ||     2
         Ring mail         |       |     3 |    16 ||    19
  Dodge: Dodged            |    12 |     4 |    20 ||    36
